 Dungeon Crawl Stone Soup version 0.29.1-1-gd02db6906a (webtiles) character file.

Game seed: 6750432763366601819

149 Icepheonix32 the Caller (level 5, 0/35 HPs)
             Began as a Merfolk Summoner on Oct 6, 2022.
             Killed from afar by an orc wizard (10 damage)
             ... with a magic dart
             ... on level 4 of the Dungeon.
             The game lasted 00:05:07 (4199 turns).

Icepheonix32 the Caller (Merfolk Summoner)          Turns: 4199, Time: 00:05:08

Health: 0/35       AC:  3    Str: 14    XL:     5   Next: 31%
Magic:  6/8        EV: 12    Int: 16    God:
Gold:   208        SH:  0    Dex: 15    Spells: 2/8 levels left

rFire   + . .      SeeInvis .   u - +0 spear
rCold   . . .      Faith    .   (no shield)
rNeg    . . .      Spirit   .   a - +0 robe
rPois   .          Reflect  .   (no helmet)
rElec   .          Harm     .   (no cloak)
rCorr   .          Rampage  .   c - +0 pair of gloves
Will    .....                   (no boots)
Stlth   ++........              (no amulet)
HPRegen 0.11/turn               k - ring of protection from fire
MPRegen 0.11/turn               p - +6 ring of strength

@: mighty, brilliant
A: (nimble swimmer 2), mertail
a: no special abilities


You were on level 4 of the Dungeon.
You visited 1 branch of the dungeon, and saw 4 of its levels.

You collected 208 gold pieces.

Inventory:

Hand Weapons
 d - a +0 club
 f - a +0 short sword
 u - a +0 spear (weapon)
Armour
 a - a +0 robe (worn)
 c - a +0 pair of gloves (worn)
Jewellery
 k - a ring of protection from fire (left hand)
 p - a +6 ring of strength (right hand)
Scrolls
 g - 3 scrolls of immolation
 i - 3 scrolls of identify {unknown}
 l - a scroll of butterflies {unknown}
 m - a scroll of blinking {unknown}
 o - 2 scrolls of vulnerability {unknown}
 s - a scroll of magic mapping {unknown}
 v - a scroll of silence {unknown}
 w - a scroll of summoning {unknown}
 y - a scroll of teleportation {unknown}
Potions
 b - 2 potions of magic
 e - a potion of cancellation
 h - 4 potions of brilliance
 n - a potion of might
 q - a potion of curing
 r - a potion of heal wounds {unknown}
 t - 2 potions of lignification {unknown}
 x - a potion of haste {unknown}
 z - a potion of attraction {unknown}


   Skills:
 + Level 0.1 Polearms
 - Level 2.6 Dodging
 - Level 2.1 Stealth
 - Level 2.0 Spellcasting
 * Level 6.4 Summonings


You had 2 spell levels left.
You knew the following spells:

 Your Spells              Type           Power      Damage    Failure   Level
a - Summon Small Mammal   Summ           100%       N/A       1%          1
b - Call Canine Familiar  Summ           33%        N/A       4%          3
c - Call Imp              Summ           33%        N/A       2%          2

Your spell library contained the following spells:

 Spells                   Type           Power      Damage    Failure   Level
 Sublimation of Blood     Necr           2%         N/A       30%         2
 Summon Guardian Golem    Hex/Summ       17%        N/A       17%         3
 Summon Lightning Spire   Summ/Air       17%        N/A       50%         4
 Confusing Touch          Hex            2%         N/A       52%         3
 Petrify                  Tmut/Erth      2%         N/A       90%         4
 Irradiate                Conj/Tmut      1%         3d12      99%         5
 Yara's Violent Unravell  Hex/Tmut       1%         3d3       99%         5
 Enfeeble                 Hex            1%         N/A       100%        7


Dungeon Overview and Level Annotations

Branches:
Dungeon (4/15)
 Temple: D:4-7

Altars:
Gozag

Shops:
D:1 !   D:2 (


Innate Abilities, Weirdness & Mutations

((You are very nimble when in or above water. (Stealth+, EV+, Speed+++)))
Your lower body shifts to a powerful aquatic tail in water.


Message History

The orc misses you. Something barely misses you.
You barely miss something.
Your crimson imp misses something.
The orc hits you but does no damage.
You hear some strange, mumbled words. x2
A puff of flame appears from out of thin air!
The puff of flame hits you. You resist.
Your crimson imp closely misses something.
You puncture the orc!
The orc is almost dead.
The orc hits you with a +0 mace. Something hits you.
Your crimson imp hits something but does no damage.
You puncture the orc!
You kill the orc!
You puncture something!
Reactivating autopickup.
You feel a bit more experienced. Something hits you.
Deactivating autopickup; reactivate with Ctrl-A.
Something hits you but does no damage.
You swap places.
Something hits you.
* * * LOW HITPOINT WARNING * * *
Things that are here:
a +0 dagger; a +0 robe Something hits you.
* * * LOW HITPOINT WARNING * * *
Something hits your crimson imp.
Something completely misses your crimson imp.
Something hits your crimson imp.
You are too injured to fight recklessly!
Casting: Call Canine Familiar (dangerous; 4% risk of failure)
Confirm with . or Enter, or press ? or * to list all spells.
You feel a surge of power! Something hits you.
* * * LOW HITPOINT WARNING * * *
Something hits your crimson imp.
Your hound bites something.
Your hound bites something.
You barely miss something.
You hear some strange, mumbled words.
A magic dart appears from out of thin air!
The magic dart hits you!
You die...

...(#...### .#
....'h#...## .#
....'.###.)#####.#
....#.# ##.).##..#
##..#...####....#
#..#.#..# ###..#
#..#.....####.h##
##..####.......5{#
....# ###......@#
....# #.......#
##### ##..)...#
#......# ##
#......# .#
######## ##


You could see a friendly hound (summoned) and a friendly crimson imp (summoned).

Vanquished Creatures
  An orc wizard (D:4)
  An adder (D:3)
  A worm (D:3)
  2 dart slugs
  An orc (D:4)
  3 ball pythons
  2 bats (D:2)
  6 endoplasms
  2 giant cockroaches (D:2)
  3 goblins
  4 hobgoblins
  A jackal (D:3)
  A quokka (D:3)
  A frilled lizard (D:1)
  3 kobolds
  6 rats
38 creatures vanquished.

Vanquished Creatures (collateral kills)
  3 gnolls (D:3)
  2 adders (D:2)
  An orc (D:4)
  An endoplasm (D:4)
  2 goblins
  2 hobgoblins
  3 jackals (D:3)
  A quokka (D:4)
  2 ball pythons
  A frilled lizard (D:3)
  3 kobolds
21 creatures vanquished.

Grand Total: 59 creatures vanquished

Notes
Turn   | Place    | Note
-------+----------+-------------------------------------------
     0 | D:1      | Icepheonix32 the Merfolk Summoner began the quest for the
                  | Orb.
     0 | D:1      | Reached XP level 1. HP: 13/13 MP: 3/3
   328 | D:1      | Found Ekemeppamm's Distillery.
   891 | D:1      | Reached XP level 2. HP: 18/19 MP: 5/5
   918 | D:1      | Found a faded altar of an unknown god.
  1670 | D:2      | Reached XP level 3. HP: 20/24 MP: 4/6
  1675 | D:2      | Learned a level 3 spell: Call Canine Familiar
  1678 | D:2      | Learned a level 2 spell: Call Imp
  1764 | D:2      | Reached skill level 5 in Summonings
  2367 | D:2      | Found Fatsew's Weapon Shoppe.
  2591 | D:3      | Reached XP level 4. HP: 22/30 MP: 2/7
  3294 | D:3      | Reached skill level 6 in Summonings
  3678 | D:3      | Found a faded altar of an unknown god.
  3712 | D:3      | Found an opulent altar of Gozag.
  3926 | D:4      | Reached XP level 5. HP: 30/35 MP: 4/8
  4199 | D:4      | Killed from afar by an orc wizard

Illustrated notes

Levels and vault maps discovered:
D:1:      dpeg_arrival_signposts, layout_basic,
          hellmonk_ecumenical_altar_blasted, serial_shops, shop,
          grunt_decor_arrowhead
D:2:      layout_basic, serial_shops, nicolae_shop_stone
D:3:      layout_basic, nicolae_overflow_ecumenical_swirl, kennysheep_cross_room
D:4:      layout_rooms, kennysheep_dice

Skill      XL: |  1  2  3  4 |
---------------+-------------+-----
Summonings     | 5 6 |  6.4
Polearms       | |  0.1
Dodging        | |  2.6
Stealth        | |  2.1
Spellcasting   | |  2.0

Action                   |  1- 3 |  4- 6 || total
-------------------------+-------+-------++-------
Melee: Short sword       |    71 |    50 ||   121
       Club              |    11 |       ||    11
       Punch             |     2 |     2 ||     4
       Spear             |       |    35 ||    35
       Tailslap          |       |     1 ||     1
 Cast: Summon Small Mamm |    17 |     2 ||    19
       Call Imp          |     5 |     4 ||     9
       Call Canine Famil |     1 |    14 ||    15
  Use: Potion            |       |     5 ||     5
 Stab: Sleeping          |     7 |     4 ||    11
       Distracted        |       |     1 ||     1
Armor: Robe              |    18 |    22 ||    40
Dodge: Dodged            |    66 |    46 ||   112
